AoeStats
← Carrillo

Arena

510357859Analyzed
4v4 RM · 9h ago on Sep 30, 2026· 48m 48s· 8 players
Game mode
Random Map
Map size
Large (8 player)
Population
200
Speed
Normal
Resources
Standard
Victory
Conquest
Starting age
Dark Age
Ending age
Imperial Age
RankedLock teamsTeams togetherTeam positionsShared explorationLock speedFull tech treeHidden civsTurbo modeCheats
Victory
Defeat
🇫🇷 Turks · France
1035
+13
🇨🇴 Italians · Colombia
998
+15
🇨🇳 Wei · China
966
+16
🇫🇷 Goths · France
779
+24
🇺🇸 Koreans · United States
989
-18
🇫🇷 Huns · France
972
-17
🇬🇧 Mongols · United Kingdom
958
-17
🇪🇸 Goths · Spain
934
-16
JAF23
0:31 Loom
11:55 Feudal Age
12:33 Double-Bit Axe
12:34 Horse Collar
18:05 Castle Age
16:54 Fletching
18:27 Stone Mining
19:17 Heavy Plow
19:28 Bow Saw
22:41 Stone Shaft Mining
21:57 Gold Mining
23:51 Gold Shaft Mining
26:45 Wheelbarrow
27:25 Bodkin Arrow
27:19 Elite Skirmisher
33:36 Imperial Age
32:12 Hand Cart
34:25 Thumb Ring
34:41 Bracer
35:29 Ballistics
36:47 Crossbowman
38:51 Chemistry
39:55 Forging
39:52 Scale Barding Armor
39:49 Arbalester
40:05 Cavalier
42:26 Two-Man Saw
42:08 Husbandry
42:51 Iron Casting
42:38 Chain Barding Armor
47:45 Scale Mail Armor
_+AzTeC_Brit+_
5:37 Loom
9:48 Feudal Age
11:14 Feudal Age
12:44 Double-Bit Axe
12:43 Horse Collar
15:59 Castle Age
16:43 Wheelbarrow
18:50 Wheelbarrow
21:01 Bow Saw
21:28 Heavy Plow
23:26 Fletching
24:00 Town Watch
24:52 Hand Cart
24:57 Bodkin Arrow
26:12 Ballistics
32:59 Fortified Wall
33:59 Husbandry
34:10 Bloodlines
36:43 Imperial Age
37:12 Onager
39:13 Chemistry
37:41 Capped Ram
37:52 Heavy Camel Rider
39:00 Scale Barding Armor
39:05 Forging
38:55 Heavy Camel Rider
39:12 Siege Onager
40:22 Drill
40:25 Siege Ram
43:06 Chain Barding Armor
43:22 Iron Casting
Carrillo
0:53 Loom
11:29 Feudal Age
14:12 Forging
14:05 Scale Mail Armor
15:13 Double-Bit Axe
21:25 Castle Age
20:35 Fletching
21:02 Horse Collar
22:35 Chain Mail Armor
23:04 Bow Saw
26:50 Town Watch
28:31 Heavy Plow
30:26 Wheelbarrow
30:20 Bodkin Arrow
31:34 Anarchy
33:27 Iron Casting
33:00 Caravan
36:47 Imperial Age
35:10 Hand Cart
35:57 Town Patrol
38:42 Blast Furnace
39:11 Conscription
39:32 Elite Huskarl
40:45 Pikeman
41:29 Squires
47:48 Two-Man Saw
47:21 Crop Rotation
46:26 Halberdier
Lyes37
10:21 Feudal Age
13:43 Loom
17:13 Castle Age
15:17 Gold Mining
15:15 Double-Bit Axe
16:12 Horse Collar
17:54 Heavy Plow
18:11 Bow Saw
19:18 Stone Mining
29:57 Imperial Age
28:33 Wheelbarrow
28:15 Padded Archer Armor
28:05 Fletching
29:18 Leather Archer Armor
32:02 Bodkin Arrow
33:29 Ballistics
33:20 Elite Skirmisher
37:12 Two-Man Saw
38:58 Gold Shaft Mining
39:03 Hand Cart
40:55 Chemistry
41:14 Bracer
41:20 Scale Mail Armor
42:55 Chain Mail Armor
44:00 Forging
45:01 Pikeman
45:41 Squires
46:33 Iron Casting
45:38 Halberdier
46:46 Arson
48:28 Blast Furnace
High Neon
9:04 Feudal Age
13:37 Castle Age
12:52 Double-Bit Axe
15:23 Bow Saw
17:03 Horse Collar
20:28 Loom
21:22 Wheelbarrow
21:36 Stone Mining
25:53 Hand Cart
28:26 Imperial Age
27:13 Ballistics
26:45 Fletching
26:55 Padded Archer Armor
27:02 Heavy Plow
26:51 Town Watch
28:07 Bodkin Arrow
28:28 Leather Archer Armor
30:01 Conscription
29:36 Elite Genoese Crossbowman
31:49 Chemistry
31:08 Bracer
31:12 Gold Mining
32:03 Thumb Ring
34:22 Two-Man Saw
35:38 Pirotechnia
36:00 Ring Archer Armor
40:40 Forging
40:35 Scale Barding Armor
40:22 Elite Skirmisher
41:15 Husbandry
41:25 Bloodlines
40:36 Light Cavalry
42:03 Stone Shaft Mining
43:06 Iron Casting
42:51 Chain Barding Armor
42:21 Hussar
43:55 Town Patrol
45:18 Blast Furnace
46:47 Onager
Nounoursrz
11:54 Feudal Age
12:59 Feudal Age
13:08 Feudal Age
18:13 Castle Age
16:01 Double-Bit Axe
16:29 Stone Mining
20:11 Bow Saw
22:05 Caravan
28:50 Anarchy
33:04 Imperial Age
31:51 Wheelbarrow
31:41 Gold Mining
33:35 Squires
32:55 Pikeman
37:05 Conscription
36:12 Elite Huskarl
36:20 Halberdier
37:51 Forging
37:42 Scale Mail Armor
37:33 Fletching
38:44 Hand Cart
40:29 Murder Holes
40:44 Masonry
40:26 Heated Shot
40:19 Treadmill Crane
40:58 Chain Mail Armor
41:18 Iron Casting
40:40 Bodkin Arrow
43:30 Perfusion
46:12 Blast Furnace
45:14 Bracer
45:44 Ballistics
46:27 Chemistry
45:59 Architecture
francis le tueur
12:03 Feudal Age
14:15 Double-Bit Axe
14:14 Horse Collar
14:38 Gold Mining
17:00 Castle Age
21:05 Imperial Age
19:18 Padded Archer Armor
20:24 Leather Archer Armor
22:18 Ring Archer Armor
30:45 Ballistics
37:24 Forging
37:20 Scale Barding Armor
38:19 Gold Shaft Mining
37:59 Bow Saw
37:53 Heavy Plow
38:34 Husbandry
39:36 Bloodlines
40:08 Iron Casting
39:59 Chain Barding Armor
41:02 Cavalier
LaoWoo
11:30 Feudal Age
15:14 Castle Age
13:14 Double-Bit Axe
18:39 Wheelbarrow
23:57 Stone Mining
27:25 Loom
28:09 Town Watch
31:31 Imperial Age
29:16 Hand Cart
29:18 Bloodlines
29:08 Husbandry
29:11 Town Patrol
29:09 Horse Collar
31:45 Bow Saw
32:36 Stone Shaft Mining
31:52 Gold Mining
32:39 Conscription
31:44 Light Cavalry
32:52 Scale Barding Armor
32:58 Forging
33:04 Fortified Wall
33:07 Masonry
33:46 Ming Guang Armor
34:05 Chain Barding Armor
33:37 Fletching
33:31 Elite Tiger Cavalry
35:09 Iron Casting
35:08 Gold Mining
36:10 Bodkin Arrow
38:44 Tuntian
39:16 Ballistics
40:02 Hoardings
43:12 Fervor
43:23 Sanctity
44:16 Blast Furnace
43:17 Bracer
43:19 Padded Archer Armor
47:27 Chemistry
46:08 Treadmill Crane
46:24 Murder Holes
49:29 Gold Shaft Mining
Connection lost

Rejoining the realm…

Still unreachable

The connection could not be restored.

Session expired

The server has moved on; the page needs a fresh start.